| TOP OF THE 1ST |
|
Lehigh Valley IronPigs batting - Pitching for Las Vegas 51s : RHP Andy Reinhardt
|
|
Pitching: RHP Andy Reinhardt
|
|
|
Batting: RHB Nick Beggs
|
0-0: Called Strike 0-1: Called Strike 0-2: Ball 1-2: Ball 2-2: Ground out 6-3 (Groundball, 6, EV 86.9 MPH)
|
|
Batting: LHB Ryan Trombley
|
0-0: Called Strike 0-1: Ball 1-1: Fly out, F8 (Flyball, 8LM, EV 90.0 MPH)
|
|
Batting: LHB Chad Persaud
|
0-0: Called Strike 0-1: Ball 1-1: Ground out U3 (Groundball, 34S, EV 90.6 MPH)
|
| Top of the 1st over - 0 runs, 0 hits, 0 errors, 0 left on base; Lehigh Valley 0 - Las Vegas 0 |
| BOTTOM OF THE 1ST |
|
Las Vegas 51s batting - Pitching for Lehigh Valley IronPigs : RHP Wally Hoover
|
|
Pitching: RHP Wally Hoover
|
|
|
Batting: RHB Jordan Martin
|
0-0: Foul Ball, location: 2F 0-1: Ball 1-1: Ball 2-1: Ball 3-1: Base on Balls
|
|
Batting: LHB Adam Hairston
|
0-0: Ball Jordan Martin steals 2nd base 1-0: Ground out 6-3 (Groundball, 6, EV 90.0 MPH) Jordan Martin to third
|
|
Batting: SHB Roberto Magne
|
0-0: Called Strike 0-1: Ball 1-1: Called Strike 1-2: 2-RUN HOME RUN (Flyball, 89XD, EV 108.8 MPH), Distance : 408 ft
|
|
Batting: LHB Bill Armijo
|
0-0: Swinging Strike 0-1: Foul Ball, location: 2F 0-2: Strikes out swinging
|
|
Batting: SHB Josh Schultze
|
0-0: Ball 1-0: Ball 2-0: Foul Ball, location: 2F 2-1: Ball 3-1: Fly out, F5 (Flyball, 5D, EV 87.5 MPH)
|
| Bottom of the 1st over - 2 runs, 1 hit, 0 errors, 0 left on base; Lehigh Valley 0 - Las Vegas 2 |
| TOP OF THE 2ND |
|
Lehigh Valley IronPigs batting - Pitching for Las Vegas 51s : RHP Andy Reinhardt
|
|
Batting: RHB Josh Hensley
|
0-0: Ball 1-0: Fly out, F9 (Line Drive, 9D, EV 96.2 MPH)
|
|
Batting: RHB Chris Pounds
|
0-0: Called Strike 0-1: Ball 1-1: Ball 2-1: Ball 3-1: Called Strike 3-2: Base on Balls
|
|
Batting: RHB Dan Grable
|
0-0: Called Strike 0-1: Ball 1-1: Fielders Choice at 2nd, 5-4 (Groundball, 5, EV 86.2 MPH)
|
|
Batting: RHB Bill Moldenhauer
|
0-0: Called Strike 0-1: Called Strike 0-2: 2-RUN HOME RUN (Flyball, 7D, EV 97.5 MPH), Distance : 372 ft
|
|
Batting: RHB Aaron Burress
|
0-0: Ball 1-0: Ball 2-0: Ball 3-0: Called Strike 3-1: Base on Balls
|
|
Batting: SHB Cesar Arteaga
|
0-0: Ball 1-0: Called Strike 1-1: Ground out 4-3 (Groundball, 4, EV 99.4 MPH)
|
| Top of the 2nd over - 2 runs, 1 hit, 0 errors, 1 left on base; Lehigh Valley 2 - Las Vegas 2 |
| BOTTOM OF THE 2ND |
|
Las Vegas 51s batting - Pitching for Lehigh Valley IronPigs : RHP Wally Hoover
|
|
Batting: RHB Steven Romanovsky
|
0-0: Foul Ball, location: 2F 0-1: DOUBLE (Line Drive, 9LS, EV 90.0 MPH)
|
|
Batting: LHB Ben Goldstein
|
0-0: Ball 1-0: Ball 2-0: Ball 3-0: Called Strike 3-1: Called Strike 3-2: Strikes out swinging
|
|
Batting: LHB Sal Fernandez
|
0-0: Ground out U3 (Groundball, 3, EV 85.6 MPH) Steven Romanovsky to third
|
|
Batting: RHB Leon Edwards
|
0-0: Ball 1-0: Ball 2-0: Called Strike 2-1: Called Strike 2-2: Ball 3-2: Foul Ball, location: 2F 3-2: Foul Ball, location: 2F 3-2: Foul Ball, location: 2F 3-2: Fly out, F8 (Flyball, 8RS, EV 90.6 MPH)
|
| Bottom of the 2nd over - 0 runs, 1 hit, 0 errors, 1 left on base; Lehigh Valley 2 - Las Vegas 2 |
| TOP OF THE 3RD |
|
Lehigh Valley IronPigs batting - Pitching for Las Vegas 51s : RHP Andy Reinhardt
|
|
Batting: RHB Nick Beggs
|
0-0: Ball 1-0: Foul Ball, location: 2F 1-1: Ball 2-1: Foul Ball, location: 2F 2-2: Foul Ball, location: 2F 2-2: Foul Ball, location: 2F 2-2: Foul Ball, location: 2F 2-2: Foul Ball, location: 2F 2-2: Foul Ball, location: 2F 2-2: Foul Ball, location: 2F 2-2: Ground out 6-3 (Groundball, 6, EV 90.6 MPH)
|
|
Batting: LHB Ryan Trombley
|
0-0: Called Strike 0-1: Ground out 6-3 (Groundball, 6, EV 87.5 MPH)
|
|
Batting: LHB Chad Persaud
|
0-0: Ground out 3-1 (Groundball, 34S, EV 82.5 MPH)
|
| Top of the 3rd over - 0 runs, 0 hits, 0 errors, 0 left on base; Lehigh Valley 2 - Las Vegas 2 |
| BOTTOM OF THE 3RD |
|
Las Vegas 51s batting - Pitching for Lehigh Valley IronPigs : RHP Wally Hoover
|
|
Batting: RHB Jordan Martin
|
0-0: Ball 1-0: Ball 2-0: Fly out, F7 (Flyball, 78M, EV 78.1 MPH)
|
|
Batting: LHB Adam Hairston
|
0-0: Ball 1-0: SINGLE (Groundball, 23, EV 73.1 MPH) (infield hit)
|
|
Batting: SHB Roberto Magne
|
0-0: Ball Adam Hairston is caught stealing 2nd base 2-6 1-0: Swinging Strike 1-1: Ball 2-1: Foul Ball, location: 2F 2-2: Strikes out swinging
|
| Bottom of the 3rd over - 0 runs, 1 hit, 0 errors, 0 left on base; Lehigh Valley 2 - Las Vegas 2 |
| TOP OF THE 4TH |
|
Lehigh Valley IronPigs batting - Pitching for Las Vegas 51s : RHP Andy Reinhardt
|
|
Batting: RHB Josh Hensley
|
0-0: Ball 1-0: Fly out, F7 (Flyball, 7S, EV 73.8 MPH)
|
|
Batting: RHB Chris Pounds
|
0-0: Ball 1-0: Swinging Strike 1-1: Called Strike 1-2: Ball 2-2: Foul Ball, location: 2F 2-2: Ball 3-2: Base on Balls
|
|
Batting: RHB Dan Grable
|
0-0: Ball 1-0: Ball 2-0: Called Strike 2-1: Ball 3-1: Foul Ball, location: 2F 3-2: Base on Balls Chris Pounds to second
|
|
Batting: RHB Bill Moldenhauer
|
0-0: Ball 1-0: Ball 2-0: Fly out, F8 (Flyball, 78D, EV 83.8 MPH)
|
|
Batting: RHB Aaron Burress
|
0-0: Ball 1-0: Foul Ball, location: 2F 1-1: Fly out, F9 (Flyball, 9LS, EV 86.2 MPH)
|
| Top of the 4th over - 0 runs, 0 hits, 0 errors, 2 left on base; Lehigh Valley 2 - Las Vegas 2 |
| BOTTOM OF THE 4TH |
|
Las Vegas 51s batting - Pitching for Lehigh Valley IronPigs : RHP Wally Hoover
|
|
Batting: LHB Bill Armijo
|
0-0: Hit by Pitch
|
|
Batting: SHB Josh Schultze
|
0-0: Called Strike 0-1: Ball 1-1: Ball Bill Armijo steals 2nd base 2-1: Fly out, F8 (Flyball, 8LS, EV 92.5 MPH)
|
|
Batting: RHB Steven Romanovsky
|
0-0: Ball 1-0: Ball 2-0: SINGLE (Groundball, 4D, EV 95.0 MPH) Bill Armijo to third
|
|
Batting: LHB Ben Goldstein
|
0-0: Foul Ball, location: 2F 0-1: Ball 1-1: Foul Ball, location: 2F 1-2: Ball 2-2: Foul Ball, location: 2F 2-2: DOUBLE (Flyball, 9LD, EV 95.0 MPH) Bill Armijo scores Steven Romanovsky to third
|
|
Batting: LHB Sal Fernandez
|
0-0: Ball 1-0: Swinging Strike 1-1: DOUBLE (Line Drive, 89D, EV 106.9 MPH) Steven Romanovsky scores Ben Goldstein scores
|
|
Batting: RHB Leon Edwards
|
0-0: Swinging Strike 0-1: Ground out 6-3 (Groundball, 6, EV 106.2 MPH)
|
|
Batting: RHB Jordan Martin
|
0-0: Foul Ball, location: 2F 0-1: Swinging Strike 0-2: Ball 1-2: SINGLE (Groundball, 6MS, EV 76.9 MPH) (infield hit) Sal Fernandez to third
|
|
Batting: LHB Adam Hairston
|
0-0: Called Strike Jordan Martin steals 2nd base 0-1: Ball 1-1: Ground out 5-3 (Groundball, 56, EV 88.8 MPH)
|
| Bottom of the 4th over - 3 runs, 4 hits, 0 errors, 2 left on base; Lehigh Valley 2 - Las Vegas 5 |
| TOP OF THE 5TH |
|
Lehigh Valley IronPigs batting - Pitching for Las Vegas 51s : RHP Andy Reinhardt
|
|
Batting: SHB Cesar Arteaga
|
0-0: Called Strike 0-1: Ball 1-1: Ball 2-1: Ball 3-1: SINGLE (Groundball, P, EV 87.5 MPH) (infield hit)
|
|
Batting: RHB Nick Beggs
|
0-0: Ball 1-0: Fielders Choice at 2nd, 6-4 (Groundball, 6MS, EV 82.5 MPH)
|
|
Batting: LHB Ryan Trombley
|
0-0: Ball Nick Beggs steals 2nd base 1-0: Ball 2-0: Fly out, F7 (Flyball, 7LS, EV 85.6 MPH)
|
|
Batting: LHB Chad Persaud
|
0-0: Fly out, F8 (Flyball, 89D, EV 96.2 MPH)
|
| Top of the 5th over - 0 runs, 1 hit, 0 errors, 1 left on base; Lehigh Valley 2 - Las Vegas 5 |
| BOTTOM OF THE 5TH |
|
Las Vegas 51s batting - Pitching for Lehigh Valley IronPigs : RHP Wally Hoover
|
|
Batting: SHB Roberto Magne
|
0-0: Ball 1-0: Foul Ball, location: 2F 1-1: Ball 2-1: Ground out 6-3 (Groundball, 6D, EV 100.6 MPH)
|
|
Batting: LHB Bill Armijo
|
0-0: Called Strike 0-1: Swinging Strike 0-2: Ball 1-2: DOUBLE (Flyball, 7LD, EV 98.8 MPH)
|
|
Batting: SHB Josh Schultze
|
0-0: Called Strike 0-1: Fly out, F8 (Flyball, 8LD, EV 87.5 MPH)
|
|
Batting: RHB Steven Romanovsky
|
0-0: Ball 1-0: Called Strike 1-1: 2-RUN HOME RUN (Flyball, 7D, EV 96.9 MPH), Distance : 368 ft
|
|
Pitching: RHP John Capparelli
|
|
|
Batting: LHB Ben Goldstein
|
0-0: Called Strike 0-1: Ball 1-1: Ground out 4-3 (Groundball, 4, EV 90.6 MPH)
|
| Bottom of the 5th over - 2 runs, 2 hits, 0 errors, 0 left on base; Lehigh Valley 2 - Las Vegas 7 |
| TOP OF THE 6TH |
|
Lehigh Valley IronPigs batting - Pitching for Las Vegas 51s : RHP Andy Reinhardt
|
|
Batting: RHB Josh Hensley
|
0-0: Ball 1-0: Swinging Strike 1-1: Ball 2-1: Ball 3-1: Foul Ball, location: 2F 3-2: SINGLE (Groundball, 6S, EV 71.2 MPH) (infield hit)
|
|
Batting: RHB Chris Pounds
|
0-0: Foul Ball, location: 2F 0-1: Ball 1-1: SINGLE (Flyball, 4D, EV 93.1 MPH) Josh Hensley to second
|
|
Batting: RHB Dan Grable
|
0-0: Ball 1-0: Called Strike 1-1: Swinging Strike 1-2: Grounds into double play, 5-4-3 (Groundball, 56S, EV 83.8 MPH) Josh Hensley to third
|
|
Batting: RHB Bill Moldenhauer
|
0-0: Foul Ball, location: 2F 0-1: Swinging Strike 0-2: Ball 1-2: DOUBLE (Line Drive, 9LM, EV 99.4 MPH) Josh Hensley scores
|
|
Batting: RHB Aaron Burress
|
0-0: Ground out 6-3 (Groundball, 6MD, EV 86.2 MPH)
|
| Top of the 6th over - 1 run, 3 hits, 0 errors, 1 left on base; Lehigh Valley 3 - Las Vegas 7 |
| BOTTOM OF THE 6TH |
|
Las Vegas 51s batting - Pitching for Lehigh Valley IronPigs : RHP John Capparelli
|
|
Batting: LHB Sal Fernandez
|
0-0: Called Strike 0-1: Ball 1-1: Foul Ball, location: 2F 1-2: Foul Ball, location: 2F 1-2: Ball 2-2: Strikes out swinging
|
|
Batting: RHB Leon Edwards
|
0-0: Foul Ball, location: 2F 0-1: Called Strike 0-2: Foul Ball, location: 2F 0-2: Ball 1-2: Strikes out swinging
|
|
Batting: RHB Jordan Martin
|
0-0: Ground out 6-3 (Groundball, 56, EV 82.5 MPH)
|
| Bottom of the 6th over - 0 runs, 0 hits, 0 errors, 0 left on base; Lehigh Valley 3 - Las Vegas 7 |
| TOP OF THE 7TH |
|
Lehigh Valley IronPigs batting - Pitching for Las Vegas 51s : RHP Andy Reinhardt
|
|
Batting: SHB Cesar Arteaga
|
0-0: Called Strike 0-1: Ball 1-1: Swinging Strike 1-2: Ball 2-2: Ball 3-2: Foul Ball, location: 2F 3-2: Base on Balls
|
|
Pitching: RHP Justin Overlie
|
|
|
Batting: RHB Nick Beggs
|
0-0: Called Strike 0-1: Bunted foul 0-2: Ball 1-2: Grounds into double play, 5-4-3 (Groundball, 56S, EV 81.2 MPH)
|
|
Batting: LHB Ryan Trombley
|
0-0: Fly out, F4 (Line Drive, 4, EV 73.1 MPH)
|
| Top of the 7th over - 0 runs, 0 hits, 0 errors, 0 left on base; Lehigh Valley 3 - Las Vegas 7 |
| BOTTOM OF THE 7TH |
|
Las Vegas 51s batting - Pitching for Lehigh Valley IronPigs : RHP John Capparelli
|
|
Batting: LHB Adam Hairston
|
0-0: Ball 1-0: Called Strike 1-1: Ground out 5-3 (Groundball, 56S, EV 89.4 MPH)
|
|
Batting: SHB Roberto Magne
|
0-0: Called Strike 0-1: Ball 1-1: Foul Ball, location: 2F 1-2: Ball 2-2: Ball 3-2: Strikes out swinging
|
|
Batting: LHB Bill Armijo
|
0-0: Ball 1-0: Ball 2-0: Foul Ball, location: 2F 2-1: Swinging Strike 2-2: Foul Ball, location: 2F 2-2: Foul Ball, location: 2F 2-2: Ball 3-2: Foul Ball, location: 2F 3-2: Foul Ball, location: 2F 3-2: Foul Ball, location: 2F 3-2: Foul Ball, location: 2F 3-2: Ground out 1-3 (Groundball, 23, EV 66.2 MPH)
|
| Bottom of the 7th over - 0 runs, 0 hits, 0 errors, 0 left on base; Lehigh Valley 3 - Las Vegas 7 |
| TOP OF THE 8TH |
|
Lehigh Valley IronPigs batting - Pitching for Las Vegas 51s : RHP Justin Overlie
|
|
Batting: LHB Chad Persaud
|
0-0: Swinging Strike 0-1: Foul Ball, location: 2F 0-2: Strikes out swinging, 2-3 out at first.
|
|
Batting: RHB Josh Hensley
|
0-0: Ball 1-0: Ground out 6-3 (Groundball, 6, EV 89.4 MPH)
|
|
Batting: RHB Chris Pounds
|
0-0: Ball 1-0: SOLO HOME RUN (Flyball, 7LD, EV 95.6 MPH), Distance : 348 ft
|
|
Batting: RHB Dan Grable
|
0-0: Foul Ball, location: 2F 0-1: Ground out 3-1 (Groundball, 34D, EV 106.2 MPH)
|
| Top of the 8th over - 1 run, 1 hit, 0 errors, 0 left on base; Lehigh Valley 4 - Las Vegas 7 |
| BOTTOM OF THE 8TH |
|
Las Vegas 51s batting - Pitching for Lehigh Valley IronPigs : RHP John Capparelli
|
|
Pitching: LHP John Schipper
|
|
|
Batting: SHB Josh Schultze
|
0-0: Swinging Strike 0-1: Foul Ball, location: 2F 0-2: Ball 1-2: Ground out 6-3 (Groundball, 6, EV 82.5 MPH)
|
|
Batting: RHB Steven Romanovsky
|
0-0: Foul Ball, location: 2F 0-1: Foul Ball, location: 2F 0-2: Ball 1-2: Ball 2-2: Ball 3-2: SINGLE (Groundball, 56D, EV 94.4 MPH)
|
|
Batting: LHB Ben Goldstein
|
0-0: Ball 1-0: Ball 2-0: Foul Ball, location: 2F 2-1: Called Strike 2-2: Ball 3-2: Strikes out swinging
|
|
Batting: LHB Sal Fernandez
|
0-0: Called Strike 0-1: Fly out, F8 (Flyball, 8LS, EV 92.5 MPH)
|
| Bottom of the 8th over - 0 runs, 1 hit, 0 errors, 1 left on base; Lehigh Valley 4 - Las Vegas 7 |
| TOP OF THE 9TH |
|
Lehigh Valley IronPigs batting - Pitching for Las Vegas 51s : RHP Justin Overlie
|
|
Pitching: LHP Kyae-sung Che
|
|
|
Batting: RHB Bill Moldenhauer
|
0-0: Swinging Strike 0-1: Ball 1-1: Called Strike 1-2: Foul Ball, location: 2F 1-2: Strikes out swinging, 2-3 out at first.
|
|
Batting: RHB Aaron Burress
|
0-0: Called Strike 0-1: Ball 1-1: Ground out 1-3 (Groundball, 15S, EV 71.2 MPH)
|
|
Batting: SHB Cesar Arteaga
|
0-0: Called Strike 0-1: Ball 1-1: Ball 2-1: Ground out 4-3 (Groundball, 4, EV 93.1 MPH)
|
| Top of the 9th over - 0 runs, 0 hits, 0 errors, 0 left on base; Lehigh Valley 4 - Las Vegas 7 |
|